AoeStats
← KanSu

Black Forest

504412982Analyzed
4v4 RM · 28d ago on Sep 5, 2026· 49m 27s· 8 players
Game mode
Random Map
Map size
Large (8 player)
Population
200
Speed
Normal
Resources
Standard
Victory
Conquest
Starting age
Dark Age
Ending age
Imperial Age
RankedLock teamsTeams togetherTeam positionsShared explorationLock speedFull tech treeHidden civsTurbo modeCheats
Victory
Defeat
🇮🇳 Chinese · India
1836
+7
🇺🇸 Berbers · United States
1616
+15
🇺🇸 Gurjaras · United States
1601
+15
🇺🇸 Persians · United States
1476
+19
🇹🇼 Vietnamese · Taiwan
1635
-16
🇹🇼 Bengalis · Taiwan
1610
-15
🇦🇺 Vikings · Australia
1591
-14
🇺🇸 Shu · United States
1516
-11
TheHobbalution
12:31 Feudal Age
16:17 Castle Age
14:06 Loom
16:18 Forging
15:41 Man-at-Arms
16:29 Double-Bit Axe
16:38 Gold Mining
16:29 Horse Collar
17:25 Long Swordsman
20:52 Gambesons
22:08 Scale Mail Armor
22:29 Fishing Lines
25:04 Squires
27:33 Chain Mail Armor
29:21 Iron Casting
28:54 Stone Mining
31:19 Bow Saw
33:00 Arson
33:24 Heavy Plow
34:25 Fletching
39:21 Imperial Age
38:09 Bodkin Arrow
38:50 Gold Shaft Mining
40:51 Plate Mail Armor
41:21 Blast Furnace
39:42 Two-Handed Swordsman
39:46 Capped Ram
40:34 Pikeman
41:22 Gillnets
42:19 Bracer
41:48 Elite Skirmisher
43:09 Imperial Skirmisher
44:21 Padded Archer Armor
44:58 Crop Rotation
46:18 Fortified Wall
46:19 Masonry
46:41 Conscription
48:24 Hoardings
47:44 Town Watch
49:03 Ballistics
48:34 Guard Tower
KanSu
0:32 Loom
9:33 Feudal Age
10:08 Double-Bit Axe
12:19 Fletching
17:19 Town Watch
18:11 Wheelbarrow
31:12 Castle Age
29:18 Fishing Lines
31:22 Crossbowman
32:24 Bow Saw
32:25 Gillnets
32:52 Gold Mining
34:30 Hand Cart
35:27 Thumb Ring
36:01 Bodkin Arrow
36:07 Padded Archer Armor
37:14 Murder Holes
TW_Kenneth
6:38 Loom
9:01 Feudal Age
9:40 Double-Bit Axe
9:56 Horse Collar
16:40 Wheelbarrow
20:07 Castle Age
18:33 Fishing Lines
18:49 Gold Mining
19:32 Bloodlines
20:35 Scale Barding Armor
21:04 Bow Saw
21:58 Chain Barding Armor
22:23 Husbandry
22:37 Town Watch
24:35 Forging
26:23 Hand Cart
26:08 Light Cavalry
27:39 Heavy Plow
34:15 Iron Casting
36:11 Imperial Age
34:18 Hand Cart
33:59 Stone Mining
35:23 Chatras
37:40 Elite Battle Elephant
42:30 Two-Man Saw
42:01 Crop Rotation
P0rr1dg3
4:53 Loom
9:51 Feudal Age
10:44 Man-at-Arms
13:52 Horse Collar
15:35 Double-Bit Axe
17:51 Fletching
21:43 Wheelbarrow
20:53 Town Watch
24:31 Castle Age
23:17 Scale Mail Armor
23:28 Forging
23:48 Gold Mining
23:48 Stone Mining
26:18 Chain Mail Armor
26:38 Iron Casting
26:52 Fishing Lines
27:42 Sanctity
28:00 Hand Cart
28:09 Bow Saw
29:31 Redemption
29:32 Fervor
38:12 Imperial Age
39:35 Block Printing
39:21 Devotion
39:46 Illumination
41:01 Heavy Plow
43:43 Gold Shaft Mining
43:06 Town Watch
44:48 Bodkin Arrow
45:15 Ballistics
45:36 Bracer
46:54 Pikeman
47:35 Squires
48:36 Blast Furnace
48:16 Conscription
48:18 Mahayana
47:35 Halberdier
48:07 Arson
48:08 Gambesons
49:33 Chemistry
MrWrong
2:51 Loom
9:36 Feudal Age
10:54 Double-Bit Axe
15:50 Fletching
16:39 Padded Archer Armor
22:50 Forging
31:06 Castle Age
30:06 Horse Collar
31:17 Bloodlines
31:09 Crossbowman
31:44 Bodkin Arrow
Laming Yamal
0:35 Loom
10:37 Feudal Age
14:50 Castle Age
13:03 Fishing Lines
15:24 Double-Bit Axe
15:35 Gillnets
21:05 Wheelbarrow
25:58 Horse Collar
26:28 Bow Saw
26:08 Gold Mining
27:40 Hand Cart
28:59 Gold Mining
30:22 Heavy Plow
30:58 Gold Shaft Mining
34:23 Imperial Age
31:46 Stone Mining
31:58 Scale Mail Armor
31:59 Squires
31:45 Arson
32:21 Forging
35:16 Coinage
34:27 Elite Fire Lancer
35:23 Chain Mail Armor
34:30 Capped Ram
36:19 Two-Man Saw
36:16 Iron Casting
35:36 Siege Ram
36:59 Plate Mail Armor
37:06 Iron Casting
36:52 Conscription
38:45 Banking
41:57 Stone Shaft Mining
42:53 Blast Furnace
42:07 Caravan
45:04 Heavy Rocket Cart
47:13 Chemistry
_kill3rJ
11:53 Feudal Age
12:33 Loom
13:23 Double-Bit Axe
15:50 Castle Age
13:57 Fishing Lines
16:48 Bow Saw
16:32 Gillnets
24:19 Horse Collar
29:10 Wheelbarrow
30:34 Scale Barding Armor
30:40 Forging
31:23 Devotion
31:39 Hand Cart
31:25 Town Watch
35:04 Imperial Age
33:00 Bloodlines
33:15 Gold Mining
34:04 Heavy Plow
34:42 Chain Barding Armor
37:02 Chemistry
36:57 Plate Barding Armor
35:44 Heavy Camel Rider
37:43 Ballistics
38:13 Light Cavalry
40:09 Iron Casting
39:51 Husbandry
42:32 Fletching
43:19 Caravan
48:05 Kshatriyas
49:12 Padded Archer Armor
machpatel
0:27 Loom
9:03 Feudal Age
12:43 Fletching
22:36 Castle Age
22:35 Forging
22:45 Crossbowman
23:27 Pikeman
27:38 Horse Collar
27:52 Double-Bit Axe
30:29 Wheelbarrow
30:33 Heavy Plow
31:20 Hand Cart
31:25 Bow Saw
33:12 Gold Mining
33:12 Stone Mining
37:41 Imperial Age
35:21 Scale Barding Armor
36:34 Chain Barding Armor
37:35 Iron Casting
37:45 Bloodlines
37:35 Husbandry
37:21 Cavalier
39:35 Gold Shaft Mining
39:42 Plate Barding Armor
39:23 Savar
44:34 Stone Shaft Mining
45:19 Conscription
46:42 Devotion
Connection lost

Rejoining the realm…

Still unreachable

The connection could not be restored.

Session expired

The server has moved on; the page needs a fresh start.